 Dungeon Crawl Stone Soup version 0.30-a0-219-gf2db51d15e (webtiles) character file.

Game seed: 13009102993838770160

6 Flugkiller the Slasher (level 1, 0/15 HPs)
             Began as a Mummy Wanderer on Oct 7, 2022.
             Slain by a hobgoblin (4 damage)
             ... on level 1 of the Dungeon.
             The game lasted 00:01:22 (134 turns).

Flugkiller the Slasher (Mummy Wanderer)              Turns: 134, Time: 00:01:22

Health: 0/15       AC:  2    Str: 11    XL:     1   Next: 75%
Magic:  2/2        EV: 11    Int: 16    God:
Gold:   0          SH:  0    Dex: 10    Spells: 2/2 levels left

rFire   x . .      SeeInvis .    a - +2 falchion
rCold   + . .      Faith    +    (no shield)
rNeg    + + +      Spirit   .    d - +0 robe
rPois   ∞          Reflect  .    (no helmet)
rElec   .          Harm     .    (no cloak)
rCorr   .          Rampage  .    (no gloves)
Will    .....                    (no boots)
Stlth   +.........               (no amulet)
HPRegen 0.22/turn                (no ring)
MPRegen 0.08/turn                (no ring)

@: no status effects
A: cold resistance 1, negative energy resistance 3, torment resistance 2, heat
vulnerability 1, no potions, faith
a: no special abilities


You were on level 1 of the Dungeon.
You visited 1 branch of the dungeon, and saw 1 of its levels.

Inventory:

Hand Weapons
 a - a +2 falchion (weapon)
Armour
 d - a +0 robe (worn)
Wands
 b - a wand of flame (3) (quivered)
Scrolls
 c - a scroll of identify {unknown}
 t - a scroll of teleportation


   Skills:
 + Level 1.4 Fighting
 - Level 2.4 Long Blades
 - Level 1.5 Armour
 - Level 1.0 Dodging
 - Level 1.3 Spellcasting
 - Level 1.5 Air Magic
 - Level 1.0 Evocations


You had 2 spell levels left.
You didn't know any spells.
Your spell library contained the following spells:

 Spells                   Type           Power      Damage    Failure   Level
 Poisonous Vapours        Pois/Air       6%         N/A       24%         2
 Static Discharge         Conj/Air       6%         2-3/arc   24%         2


Dungeon Overview and Level Annotations

Branches:
Dungeon (1/15) Zot: 5863

Altars:


Innate Abilities, Weirdness & Mutations

You are immune to poison.
Your flesh is cold resistant. (rC+)
You are immune to negative energy. (rN+++)
You are immune to unholy pain and torment.
You are vulnerable to heat. (rF-)
You do not drink.
You have a special connection with the divine. (Faith)


Message History

Welcome, Flugkiller the Mummy Wanderer.
The heart of this dungeon contains the transcendent artefact, the Orb of Zot.
Press ? for a list of commands and other information.
Found a smoky silvery potion.
Found a staircase leading out of the dungeon.
You begin with the following items: a +2 falchion, a wand of flame (3), a +0 robe, a scroll of teleportation; and the following spells available to memorise: Poisonous Vapours, Static Discharge.
Unknown command.
Okay, then.
Found 5 stones and a scroll labelled DOUFOEFIPP.
A rat comes into view.
The rat twitches its whiskers.
You hit the rat.
You kill the rat!
c - a scroll labelled DOUFOEFIPP You see here 5 stones.
Found a stone staircase leading down.
Found 4 stones.
A ball python comes into view.
The ball python hisses angrily.
You hear an angry hiss.
You hear a shout!
A frilled lizard comes into view.
The ball python moves out of view.
A goblin comes into view. It is wielding a +0 dagger.
The frilled lizard barely misses you.
You hit the frilled lizard.
You kill the frilled lizard!
You slash the ball python!
You kill the ball python!
You slash the goblin!
You kill the goblin!
Training target 1.0 for Fighting reached!
Your Fighting skill increases to level 1!
You need to enable at least one skill for training.
A kobold and a goblin come into view.
The kobold shouts!
The goblin shouts!
A kobold comes into view. It is wielding a +0 club.
The kobold moves out of view.
You slash the kobold!
You kill the kobold!
You hit the goblin.
You kill the goblin!
No target in view!
Things that are here:
a +0 dagger; a +0 whip; a kobold corpse The kobold shouts!
The kobold throws a stone.
The stone hits you. The kobold hits you with a +0 club.
You hit the kobold.
You kill the kobold!
No target in view!
A hobgoblin comes into view.
Things that are here:
a +0 club; a stone; a kobold corpse The hobgoblin shouts!
You start resting.
A hobgoblin is nearby!
The hobgoblin hits you.
You hit the hobgoblin.
The hobgoblin is severely wounded.
The hobgoblin barely misses you.
You barely miss the hobgoblin.
The hobgoblin is severely wounded.
The hobgoblin hits you.
You closely miss the hobgoblin.
The hobgoblin is severely wounded.
The hobgoblin hits you.
* * * LOW HITPOINT WARNING * * *
Unknown command.
You closely miss the hobgoblin.
The hobgoblin is severely wounded.
The hobgoblin hits you.
You die...

#......#.........
#......... ..... #.......#
#...# #.......# #g..#
#.......####...###......
.............)..........
##......#)###...##.....
########.###...##....
##..@g...##...
####..##..####..
#....####..# #.# .#
#####.##.#####.###.###.#
#......!.......#.....#.#.#
###.........##.#)#.#.#.#.#
#8.........8#.#.#.#.#.#.# #
#...8...8...#.....#.#.#.#.#
#8.........8###.#.#.#.#.#.#


You could see a hobgoblin.

Vanquished Creatures
  2 goblins (D:1)
  A ball python (D:1)
  A frilled lizard (D:1)
  2 kobolds (D:1)
  A rat (D:1)
7 creatures vanquished.

Notes
Turn   | Place    | Note
-------+----------+-------------------------------------------
     0 | D:1      | Flugkiller the Mummy Wanderer began the quest for the Orb.
     0 | D:1      | Flugkiller set off with the following items: a +2 falchion,
                  | a wand of flame (3), a +0 robe, a scroll of teleportation;
                  | and the following spells available to memorise: Poisonous
                  | Vapours, Static Discharge.
     0 | D:1      | Reached XP level 1. HP: 13/13 MP: 2/2
    86 | D:1      | Reached skill level 1 in Fighting
   134 | D:1      | Slain by a hobgoblin

Illustrated notes

Levels and vault maps discovered:
D:1:      mrwooster_arrival_statue_2, layout_basic,
          dreamdust_ecumenical_altar_angels_and_demons

Skill      XL: |  1 |
---------------+----+-----
Fighting       | 1 |  1.4
Long Blades    | |  2.4
Armour         | |  1.5
Dodging        | |  1.0
Spellcasting   | |  1.3
Air Magic      | |  1.5
Evocations     | |  1.0

Action                   || total
-------------------------++-------
Melee: Falchion          ||    11
Dodge: Dodged            ||     2

Table legend: (Time is in decaauts)
 A = Elapsed time spent in this place.
 B = Non-inter-level travel time spent in this place.
 C = Inter-level travel time spent in this place.
 D = Time resting spent in this place.
 E = Time spent auto-exploring this place.
 F = Levels seen in this place.
 G = Mean time per level.
                   A        B        C        D        E       F      G
               +--------+--------+--------+--------+--------+-----+--------+
         Total |    135 |    135 |      0 |      3 |      0 |   1 |  135.0 |
       Dungeon |    135 |    135 |      0 |      3 |      0 |   1 |  135.0 |
               +--------+--------+--------+--------+--------+-----+--------+

Top non-repeatable levels by time:
     D:1: 135 daAuts
